 Dungeon Crawl Stone Soup version 0.30-a0-1008-g30c9307041 (webtiles) character file.

Game seed: 1658887632886408905

4962 jasper the Cleaver (level 10, -2/80 HPs)
             Began as a Demonspawn Reaver on Apr 5, 2023.
             Slain by a steam dragon (5 damage)
             ... on level 9 of the Dungeon.
             The game lasted 00:11:11 (7584 turns).

jasper the Cleaver (Demonspawn Reaver)              Turns: 7584, Time: 00:11:11

Health: -2/80      AC: 19    Str: 16    XL:     10   Next: 28%
Magic:  4/4        EV: 11    Int: 14    God:
Gold:   498        SH:  0    Dex: 16    Spells: 13/13 levels left

rFire   . . .      SeeInvis .    i - +6 hand axe of Peace {antimagic, rN++ Will+ Dex+3 Stlth-}
rCold   . . .      Faith    .    (no shield)
rNeg    + + .      Spirit   .    I - +2 swamp dragon scales
rPois   +          Reflect  .    (no helmet)
rElec   .          Rampage  .    O - +0 cloak
rCorr   .                        (no gloves)
Will    +....                    (no boots) Stlth
                                 o - amulet of regeneration
HPRegen 1.13/turn                F - +4 ring of protection
MPRegen 0.09/turn                D - +4 ring of slaying

@: no status effects
A: hooves 2, yellow scales 2, foul stench 1, condensation shield
a: no special abilities


You were on level 9 of the Dungeon.
You visited 2 branches of the dungeon, and saw 10 of its levels.

You collected 498 gold pieces.

Inventory:

Hand Weapons
 a - a +1 hand axe
 i - the +6 hand axe of Peace (weapon) {antimagic, rN++ Will+ Dex+3 Stlth-}
   (You found it on level 2 of the Dungeon)

   Dex:       It affects your dexterity (+3).
   rN:        It greatly protects you from negative energy.
   Will:      It increases your willpower.
   Stlth:     It makes you less stealthy.
 E - a +0 war axe
 H - a +1 morningstar of flaming
 M - a +2 battleaxe
 S - the +8 hand crossbow "Jiuge" {heavy, Will+ Int-2 Dex+2}
   (You found it on level 9 of the Dungeon)

   Int:       It affects your intelligence (-2).
   Dex:       It affects your dexterity (+2).
   Will:      It increases your willpower.
Missiles
 e - 33 poisoned darts
 f - a throwing net
 n - 3 curare-tipped darts
 w - 5 boomerangs (quivered)
Armour
 b - a +0 leather armour
 d - a +1 scale mail of cold resistance
 C - a +1 chain mail of fire resistance
 I - +2 swamp dragon scales (worn)
 O - a +0 cloak (worn)
 Q - +0 acid dragon scales
Jewellery
 o - an amulet of regeneration (around neck)
 x - a ring of protection from fire
 y - a ring of magical power
 D - a +4 ring of slaying (right hand)
 F - a +4 ring of protection (left hand)
 G - a +5 ring of evasion
 P - a +6 ring of strength
Wands
 l - a wand of charming (6)
 L - a wand of light (6)
Scrolls
 c - 2 scrolls of amnesia
 m - 3 scrolls of teleportation
 r - 5 scrolls of identify
 u - a scroll of enchant weapon
 K - a scroll of summoning
 R - a scroll of enchant armour
Potions
 g - 6 potions of magic
 h - a potion of flight {unknown}
 j - 4 potions of attraction
 k - 3 potions of lignification
 p - 3 potions of cancellation {unknown}
 q - 3 potions of curing {unknown}
 s - 2 potions of ambrosia {unknown}
 t - a potion of berserk rage {unknown}
 v - a potion of haste {unknown}
 z - 2 potions of brilliance {unknown}
 A - 4 potions of degeneration {unknown}
 B - 3 potions of heal wounds {unknown}
 J - a potion of resistance {unknown}
 N - a potion of might {unknown}


   Skills:
 + Level 7.9 Fighting
 * Level 10.3 Axes
 + Level 6.8 Armour
 - Level 1.7 Dodging
 - Level 2.0 Spellcasting
 - Level 3.0 Conjurations


You had 13 spell levels left.
You didn't know any spells.
Your spell library contained the following spells:

 Spells                   Type           Power      Damage    Failure   Level
 Kiss of Death            Conj/Necr      20%        2d7       22%         1
 Momentum Strike          Conj/Tloc      10%        3d8       32%         2
 Hailstorm                Conj/Ice       5%         3d4       54%         3
 Summon Forest            Summ/Tloc      0%         N/A       100%        5
 Eringya's Noxious Bog    Tmut/Pois      0%         N/A       100%        6
 Summon Hydra             Summ           0%         N/A       100%        7


Dungeon Overview and Level Annotations

Branches:
Dungeon (9/15)             Temple (1/1) D:7
   Lair: D:8-11         Orc: D:9-12

Altars:
Dithmenos
Fedhas
Gozag
Hepliaklqana
Kikubaaqudgha
Makhleb
Nemelex Xobeh
Okawaru
Qazlal
Sif Muna
Trog
Uskayaw
Vehumet
Wu Jian
Xom

Shops:
D:4 ?

Annotations:
D:3 3 runed translucent doors, Pokonic1's ghost, amateur GrMo
D:8 1 runed translucent door, prey's ghost, novice MiBe


Innate Abilities, Weirdness & Mutations

You have hoof-like feet.
You are mostly covered in yellow scales. (AC +3)
You may rarely emit foul miasma when damaged in melee.
A meltable shield of frost defends you. (SH +0)


Message History

Okay, then.
You slash the steam dragon! You kick the steam dragon!
The steam dragon is severely wounded.
The steam dragon barely misses you.
The steam dragon claws you but does no damage.
You regained 2 hp, and now have 8/80 hp.
You barely miss the steam dragon.
The steam dragon is severely wounded.
The steam dragon breathes steam at you. The ball of steam hits you.
* * * LOW HITPOINT WARNING * * *
You take 2 damage, and have 6/80 hp.
The steam dragon bites you but does no damage.
The steam dragon claws you but does no damage.
The steam dragon bites you but does no damage.
The steam dragon claws you but does no damage.
You regained 2 hp, and now have 8/80 hp.
You closely miss the steam dragon.
The steam dragon is severely wounded.
The steam dragon bites you but does no damage.
The steam dragon claws you but does no damage.
You closely miss the steam dragon.
The steam dragon is severely wounded.
You feel yourself speed up. The steam dragon breathes steam at you.
The ball of steam hits you!
* * * LOW HITPOINT WARNING * * *
You take 8 damage, and have 1/80 hp.
The steam dragon bites you.
* * * LOW HITPOINT WARNING * * *
The steam dragon claws you but does no damage.
You completely miss the steam dragon.
The steam dragon is severely wounded.
The steam dragon barely misses you.
The steam dragon claws you but does no damage.
You closely miss the steam dragon.
You kick the steam dragon, but do no damage.
The steam dragon is severely wounded.
The steam dragon bites you.
You die...

....... ... #....
#############~..
#.............#.
##...###.........
#..###...........
.##.............
.#.....@........
#####.#D§..####
#......# +...####
#..## #.#. ..#..
...#... ###.#....


You could see a steam dragon (catching breath).

Vanquished Creatures
  Maggie (D:6)
  A meliai (D:9)
  A slime creature (D:9)
  3 steam dragons
  An acid dragon (D:9)
  A water moccasin (D:8)
  5 orc warriors
  5 ice beasts
  2 sky beasts
  A wolf (D:9)
  2 centaurs (D:7)
  An ogre (D:4)
  2 phantoms
  A gnoll sergeant (D:6)
  A kobold brigand (D:7)
  3 bullfrogs
  2 scorpions
  4 wights
  6 killer bees (D:7)
  A howler monkey (D:6)
  5 jellies
  A hound (D:7)
  7 orc priests
  An iguana (D:7)
  Terence (D:2)
  6 orc wizards
  2 sleepcaps
  14 gnolls
  4 adders
  2 shadow imps
  A white imp (D:6)
  4 worms
  5 dart slugs
  38 orcs
  8 endoplasms
  5 goblins
  12 hobgoblins
  11 jackals
  2 quokkas
  7 ball pythons
  6 bats
  A frilled lizard (D:3)
  16 kobolds
  7 rats
  A spectral hobgoblin (D:2)
211 creatures vanquished.

Vanquished Creatures (others)
  A wolf (D:9)
  A kobold brigand (D:9)
  2 wights
  2 plants (D:6)
6 creatures vanquished.

Grand Total: 217 creatures vanquished

Notes
Turn   | Place    | Note
-------+----------+-------------------------------------------
     0 | D:1      | jasper the Demonspawn Reaver began the quest for the Orb.
     0 | D:1      | Reached XP level 1. HP: 16/16 MP: 3/3
   187 | D:1      | Reached skill level 3 in Axes
   187 | D:1      | Gained mutation: You are partially covered in yellow
                  | scales. (AC +2) [demonic ancestry]
   187 | D:1      | Reached XP level 2. HP: 21/22 MP: 5/5
   659 | D:1      | Reached skill level 1 in Armour
   746 | D:1      | Gained mutation: You are mostly covered in yellow scales.
                  | (AC +3) [demonic ancestry]
   746 | D:1      | Reached XP level 3. HP: 15/28 MP: 6/6
   937 | D:2      | Identified the +6 hand axe of Peace {antimagic, rN++ Will+
                  | Dex+3 Stlth-}
  1001 | D:2      | Found a faded altar of an unknown god.
  1062 | D:2      | Noticed Terence
  1077 | D:2      | Killed Terence
  1078 | D:2      | Reached XP level 4. HP: 32/34 MP: 2/7
  1260 | D:3      | Found an opulent altar of Gozag.
  1591 | D:3      | Found an ornate altar of the Wu Jian Council.
  1677 | D:3      | Found a shimmering altar of Xom.
  1776 | D:3      | Found a shimmering blue altar of Sif Muna.
  2178 | D:3      | Found a runed translucent gate.
  2179 | D:3      | Found a runed translucent gate.
  2179 | D:3      | Found a runed translucent gate.
  2182 | D:3      | Noticed Pokonic1's ghost (amateur GrMo)
  2377 | D:4      | Reached skill level 4 in Axes
  2425 | D:4      | Noticed a phantom
  2440 | D:4      | Killed a phantom
  2441 | D:4      | Gained mutation: You have large cloven feet. [demonic
                  | ancestry]
  2441 | D:4      | Reached XP level 5. HP: 34/41 MP: 2/8
  2484 | D:4      | Gained mutation: You have hoof-like feet. [demonic
                  | ancestry]
  2484 | D:4      | Reached XP level 6. HP: 35/47 MP: 3/9
  2581 | D:4      | Reached skill level 5 in Axes
  2592 | D:4      | Found Odeteqiw's Magic Scroll Boutique.
  2773 | D:4      | Found a stormy altar of Qazlal.
  2810 | D:4      | Found a sparkling altar of Nemelex Xobeh.
  2969 | D:4      | Found a bloodstained altar of Trog.
  3058 | D:4      | Found a hazy altar of Hepliaklqana.
  3385 | D:5      | Entered Level 5 of the Dungeon
  3445 | D:5      | Gained mutation: You may rarely emit foul miasma when
                  | damaged in melee. [demonic ancestry]
  3445 | D:5      | Reached XP level 7. HP: 54/54 MP: 3/10
  3758 | D:5      | Found a burning altar of Makhleb.
  3885 | D:5      | Found a shadowy altar of Dithmenos.
  3945 | D:5      | Found a blossoming altar of Fedhas.
  4398 | D:2      | Reached skill level 6 in Axes
  4676 | D:6      | Gained mutation: A meltable shield of frost defends you.
                  | (SH +0) [demonic ancestry]
  4676 | D:6      | Reached XP level 8. HP: 56/61 MP: 3/11
  4720 | D:6      | Reached skill level 5 in Fighting
  4873 | D:6      | Reached skill level 7 in Axes
  5066 | D:6      | Noticed Maggie
  5072 | D:6      | Killed Maggie
  5171 | D:7      | Reached skill level 5 in Armour
  5174 | D:7      | Reached skill level 8 in Axes
  5351 | D:7      | Reached XP level 9. HP: 69/69 MP: 4/12
  6087 | D:7      | Found a staircase to the Ecumenical Temple.
  6320 | Temple   | Entered the Ecumenical Temple
  6579 | D:8      | Reached skill level 9 in Axes
  6655 | D:8      | Found a runed translucent door.
  6659 | D:8      | Noticed prey's ghost (novice MiBe)
  7025 | D:8      | Found a radiant altar of Vehumet.
  7301 | D:9      | Noticed a meliai
  7328 | D:9      | Reached XP level 10. HP: 28/79 MP: 4/13
  7414 | D:9      | Reached skill level 10 in Axes
  7425 | D:9      | Identified the +8 hand crossbow "Jiuge" {heavy, Will+ Int-2
                  | Dex+2}
  7581 | D:9      | HP: 1/80 [steam dragon/ball of steam (9)]
  7584 | D:9      | Slain by a steam dragon

Illustrated notes

Levels and vault maps discovered:
D:1:      minmay_arrival_semitransparent, layout_loops_ring
D:2:      layout_rooms, dreamdust_ecumenical_altar_drowned_temple,
          solitary_fountain, uniq_terence
D:3:      layout_loops_corners, mainiacjoe_overflow_surrounded_room,
          mainiacjoe_overflow_24_doors, mainiacjoe_overflow_brackets,
          mainiacjoe_overflow_six_doors_small, gammafunk_ghost_necromancy,
          roderic_serpentine_path
D:4:      layout_cave_pods, nicolae_hepliaklqana_hippocampus,
          general_overflow_altar, nemelex_diamond_rough_becter,
          nicolae_qazlal_general_emergency, serial_shops, shop
D:5:      layout_loops_ring, mainiacjoe_overflow_alcove_1,
          mainiacjoe_overflow_cross_hatched, grunt_dithmenos_shadows
D:6:      corexii_shack_village, layout_basic, serial_park_tiny_2, uniq_maggie
D:7:      layout_layer_cave, temple_green, minivault_4, skrybe_limestone_x
D:8:      layout_loops_ring, nicolae_overflow_crystal_walls,
          hellmonk_ghost_happy_afterlife
D:9:      layout_stronghold, lemuel_round_altar,
          nicolae_ru_sacrificial_ziggurat, nicolae_ashenzari_skybound,
          hellmonk_lair_entry_icy, minmay_mirror_moons_of_madness, uniq_harold
Temple:   nicolae_temple_stand_before_the_council

Skill      XL: |  1  2  3  4  5  6  7  8  9 10 |
---------------+-------------------------------+-----
Axes           | 3 4 5 6 8 9 10 | 10.3
Armour         | 1 2 3 5 6 |  6.8
Fighting       | 3 4 6 7 |  7.9
Dodging        | |  1.7
Spellcasting   | |  2.0
Conjurations   | |  3.0

Action                     |  1- 3 |  4- 6 |  7- 9 | 10-12 || total
---------------------------+-------+-------+-------+-------++-------
  Melee: Hand axe          |   100 |   119 |   269 |    30 ||   518
         Punch             |     1 |     2 |     3 |     1 ||     7
         Kick              |       |    18 |    85 |    10 ||   113
   Fire: Hand crossbow     |       |       |       |     4 ||     4
  Throw: Boomerang         |       |       |    11 |       ||    11
  Evoke: Wand              |       |       |     1 |       ||     1
    Use: Scroll            |       |    10 |     2 |     1 ||    13
 Armour: Scale mail        |    61 |    54 |     3 |       ||   118
         Leather armour    |     4 |       |       |       ||     4
         Chain mail        |       |       |    61 |       ||    61
         Swamp dragon scal |       |       |    72 |    49 ||   121
  Dodge: Dodged            |    60 |    48 |   129 |    33 ||   270
  Block: Other             |       |       |    23 |     3 ||    26

Table legend: (Time is in decaauts)
 A = Elapsed time spent in this place.
 B = Non-inter-level travel time spent in this place.
 C = Inter-level travel time spent in this place.
 D = Time resting spent in this place.
 E = Time spent auto-exploring this place.
 F = Levels seen in this place.
 G = Mean time per level.
                   A        B        C        D        E       F      G
               +--------+--------+--------+--------+--------+-----+--------+
         Total |   7601 |   7201 |    400 |    196 |   5556 |  10 |  760.1 |
       Dungeon |   7572 |   7181 |    391 |    196 |   5553 |   9 |  841.3 |
        Temple |     28 |     19 |      9 |      0 |      3 |   1 |   28.0 |
               +--------+--------+--------+--------+--------+-----+--------+

Top non-repeatable levels by time:
     D:7: 1414 daAuts
     D:3: 1110 daAuts
     D:4: 1095 daAuts
     D:1: 927 daAuts
     D:5: 818 daAuts
     D:8: 696 daAuts
     D:2: 608 daAuts
     D:6: 596 daAuts
     D:9: 306 daAuts
  Temple: 28 daAuts
